 Dungeon Crawl Stone Soup version 0.28-a0-533-g9f97627e2a (webtiles) character file.

Game seed: 8972619930580286336

5093 Spaninq the Cleaver (level 10, 0/90 (91) HPs)
             Began as a Hill Orc Abyssal Knight on Sept 25, 2021.
             Was an Elder of Lugonu.
             Slain by a wight (9 damage)
             ... on level 8 of the Dungeon.
             The game lasted 00:16:11 (7585 turns).

Spaninq the Cleaver (Hill Orc Abyssal Knight)       Turns: 7585, Time: 00:16:12

HP:   0/90 (91)     AC:  0    Str: 20      XL:     10   Next: 57%
MP:   16/16         EV: 18    Int: 10      God:    Lugonu [****..]
Gold: 373           SH:  0    Dex: 10 (11) Spells: 9/9 levels left

rFire   . . .      SeeInvis .   h - +3 war axe (drain)
rCold   . . .      Faith    .   (no shield)
rNeg    . . .      Spirit   .   n - +0 scale mail
rPois   .          Reflect  .   c - +2 helmet
rElec   .          Harm     .   A - +1 cloak
rCorr   .          Rampage  .   j - +1 pair of gloves
Will    .....                   (no boots)
Stlth   ..........              k - amulet of the acrobat
HPRegen 0.25/turn               g - +4 ring of evasion
MPRegen 0.15/turn               o - +4 ring of evasion

@: about to teleport, corroded, lightly drained
A: no striking features
a: Renounce Religion, Depart the Abyss, Bend Space, Banish, Corrupt


You were on level 8 of the Dungeon.
You worshipped Lugonu.
Lugonu was greatly pleased with you.
You visited 2 branches of the dungeon, and saw 9 of its levels.
You visited the Abyss 1 time.

You collected 373 gold pieces.

Inventory:

Hand Weapons
 h - a +3 war axe of draining (weapon)
 z - a +4 battleaxe
Missiles
 l - 2 javelins
Armour
 c - a +2 helmet (worn)
 j - a +1 pair of gloves (worn)
 n - a +0 scale mail (worn)
 A - a +1 cloak (worn)
Jewellery
 g - a +4 ring of evasion (left hand)
 k - an amulet of the acrobat (around neck)
 o - a +4 ring of evasion (right hand)
 y - a ring of positive energy
 B - an amulet of reflection
Wands
 p - a wand of mindburst (17)
 u - a wand of iceblast (8)
 w - a wand of charming (5)
Scrolls
 b - 4 scrolls of enchant weapon
 f - a scroll of amnesia
 q - a scroll of teleportation
 s - a scroll of fear
Potions
 a - 4 potions of curing
 d - 2 potions of heal wounds
 e - 2 potions of ambrosia
 i - a potion of might
 m - a potion of mutation {unknown}
 r - a potion of cancellation
 t - 2 potions of lignification
 v - a potion of haste
 x - a potion of berserk rage {unknown}


   Skills:
 + Level 9.2 Fighting
 * Level 13.0 Axes
 + Level 7.9 Armour
 - Level 0.7 Dodging
 + Level 8.5 Invocations


You had 9 spell levels left.
You didn't know any spells.
Your spell library contained the following spells:

 Spells                   Type           Power      Damage    Failure   Level
 Corpse Rot               Necr/Air       N/A        N/A       82%         2
 Poisonous Vapours        Pois/Air       0%         N/A       82%         2
 Gell's Gravitas          Tloc           0%         N/A       96%         3
 Teleport Other           Tloc           0%         N/A       96%         3
 Summon Lightning Spire   Summ/Air       0%         N/A       100%        4
 Dispersal                Tloc           0%         N/A       100%        6
 Storm Form               Tmut/Air       0%         N/A       100%        7
 Maxwell's Capacitive Co  Air            0%         ∞         100%        8


Dungeon Overview and Level Annotations

Branches:
Dungeon (8/15)             Temple (1/1) D:5
   Lair: D:8-11

Altars:
Ashenzari
Cheibriados
Dithmenos
Elyvilon
Fedhas
Gozag
Hepliaklqana
Kikubaaqudgha
Makhleb
Nemelex Xobeh
Okawaru
Qazlal
Ru
Sif Muna
Trog
Uskayaw
Vehumet
Wu Jian
Xom
Zin
The Shining One


Message History

The wight hits you with a +3 short sword.
The kobold demonologist closely misses you.
The shadow imp completely misses you. The white imp gestures at you.
The puff of frost misses you.
The puff of frost hits the shadow imp.
The shadow imp resists.
The rust devil hits you. The rust devil corrodes you!
You hit the kobold demonologist but do no damage.
You drain the kobold demonologist.
The kobold demonologist is severely wounded.
You closely miss the white imp. You hit the wight.
You hit the shadow imp but do no damage.
You hit the kobold brigand but do no damage.
You hit the rust devil but do no damage.
The kobold brigand closely misses you. The wight closely misses you.
The kobold demonologist mumbles some strange words.
The shadow imp misses you. The white imp closely misses you.
The rust devil hits you. The rust devil corrodes you!
You hit the kobold demonologist but do no damage.
You drain the kobold demonologist.
The kobold demonologist is severely wounded.
You hit the rust devil.
You hit the kobold brigand but do no damage.
You drain the kobold brigand. You closely miss the shadow imp.
You hit the wight but do no damage. You hit the white imp but do no damage.
The kobold brigand hits you with a +0 short sword of speed!
The wight hits you with a +3 short sword!
* * * LOW HITPOINT WARNING * * *
The kobold brigand misses you.
The kobold demonologist looks encouraged for a moment.
The shadow imp hits you.
* * * LOW HITPOINT WARNING * * *
As you read the scroll of teleportation, it crumbles to dust.
You feel strangely unstable. The white imp hits you.
* * * LOW HITPOINT WARNING * * *
The white imp freezes you.
* * * LOW HITPOINT WARNING * * *
The rust devil barely misses you.
The kobold brigand completely misses you.
The wight hits you with a +3 short sword!
You die...

.............. #
.............# #
#............. #
#......$.....# #
#............######## #.
#....................
....#...)................
.......Kz5K..............
....#..)@KK..............
. #..5K4...............
#...K4...............
.......................
........!...............
..#..........[..........
..#####........)[.......
##................
##...............


You could see a rust devil (summoned), a kobold demonologist (drained), a chaos
spawn (summoned), 4 kobold brigands, a wight, a white imp (summoned), a shadow
imp (summoned) and a kobold.

Vanquished Creatures
  A two-headed ogre (D:6)
  Maggie (D:8)
  Grinder (D:6)
  5 yaks
  Eustachio (D:5)
  2 steam dragons (D:8)
  Duvessa (D:4)
  An orc warrior (D:8)
  A sky beast (D:4)
  A black bear (D:5)
  2 ice beasts
  A necrophage (D:4)
  2 ogres (D:5)
  3 centaurs
  2 kobold brigands
  3 bullfrogs
  2 scorpions
  Dowan (D:4)
  A water moccasin zombie (D:5)
  A wyvern skeleton (D:6)
  11 wights
  6 killer bees
  A centaur zombie (D:8)
  A jelly (D:6)
  4 hounds
  Crazy Yiuf (D:5)
  An orc priest (D:6)
  A centaur skeleton (D:7)
  3 iguanas
  Ijyb (D:4)
  Natasha (thrice) (D:3)
  An orc wizard (D:6)
  6 adders
  3 gnolls (D:7)
  2 white imps
  3 ufetubi
  3 dart slugs
  19 orcs
  8 ball pythons
  4 bats
  11 endoplasms
  A giant cockroach (D:1)
  6 hobgoblins
  15 kobolds
  3 quokkas
  4 frilled lizards
  6 goblins
  6 rats
167 creatures vanquished.

Notes
Turn   | Place    | Note
-------+----------+-------------------------------------------
     0 | Abyss:1  | Spaninq the Hill Orc Abyssal Knight began the quest for the
                  | Orb.
     0 | Abyss:1  | Reached XP level 1. HP: 19/19 MP: 2/2
    23 | D:1      | Escaped the Abyss
    83 | D:1      | Reached skill level 3 in Axes
   125 | D:1      | Reached XP level 2. HP: 21/27 MP: 3/3
   657 | D:1      | Reached ** piety under Lugonu
   743 | D:1      | Reached XP level 3. HP: 33/33 MP: 4/4
  1098 | D:2      | Reached skill level 4 in Axes
  1286 | D:2      | Found a faded altar of an unknown god.
  1419 | D:2      | Reached XP level 4. HP: 32/40 MP: 5/5
  1970 | D:3      | Noticed Natasha
  1973 | D:3      | Killed Natasha
  1977 | D:3      | Reached skill level 5 in Axes
  2149 | D:3      | Reached *** piety under Lugonu
  2190 | D:3      | Noticed Natasha
  2204 | D:3      | Reached XP level 5. HP: 38/47 MP: 6/6
  2206 | D:3      | Killed Natasha
  2514 | D:3      | Noticed Natasha
  2522 | D:3      | Killed Natasha
  2822 | D:4      | Noticed a sky beast
  2902 | D:4      | Killed a sky beast
  2903 | D:4      | Reached skill level 5 in Fighting
  2903 | D:4      | Reached skill level 6 in Axes
  2903 | D:4      | Reached XP level 6. HP: 32/56 MP: 7/7
  2909 | D:4      | Noticed Dowan
  2911 | D:4      | Noticed Duvessa
  3205 | D:4      | Killed Duvessa
  3206 | D:4      | Killed Dowan
  3207 | D:4      | Reached skill level 7 in Axes
  3207 | D:4      | Reached XP level 7. HP: 47/61 MP: 7/9
  3404 | D:4      | Noticed Ijyb
  3416 | D:4      | Killed Ijyb
  3701 | D:5      | Entered Level 5 of the Dungeon
  3724 | D:5      | Reached skill level 8 in Axes
  3823 | D:4      | Reached XP level 8. HP: 55/70 MP: 11/11
  3933 | D:5      | Noticed Eustachio
  3934 | D:5      | Reached skill level 5 in Armour
  4309 | D:5      | Reached skill level 9 in Axes
  4326 | D:5      | Reached skill level 5 in Invocations
  4383 | D:5      | Found an ornate altar of the Wu Jian Council.
  4450 | D:5      | Found a staircase to the Ecumenical Temple.
  4458 | Temple   | Entered the Ecumenical Temple
  4821 | D:5      | Found a sacrificial altar of Ru.
  4881 | D:5      | Killed Eustachio
  5009 | D:5      | Found a runed translucent door.
  5010 | D:5      | Noticed Crazy Yiuf
  5016 | D:5      | Killed Crazy Yiuf
  5149 | D:6      | Noticed Grinder
  5155 | D:6      | Reached **** piety under Lugonu
  5160 | D:6      | Killed Grinder
  5161 | D:6      | Reached skill level 10 in Axes
  5161 | D:6      | Reached XP level 9. HP: 77/79 MP: 13/13
  5454 | D:6      | Noticed a two-headed ogre
  5462 | D:6      | Killed a two-headed ogre
  5463 | D:6      | Reached skill level 11 in Axes
  6117 | D:7      | Found a burning altar of Makhleb.
  6560 | D:7      | Reached XP level 10. HP: 60/90 MP: 15/15
  6569 | D:7      | Reached skill level 12 in Axes
  6799 | D:7      | Found a shadowy altar of Dithmenos.
  7549 | D:8      | Noticed Maggie
  7567 | D:8      | Noticed a kobold demonologist
  7572 | D:8      | Noticed a rust devil
  7572 | D:8      | Killed Maggie
  7573 | D:8      | Reached skill level 13 in Axes
  7585 | D:8      | Slain by a wight

Illustrated notes

Levels and vault maps discovered:
D:1:      minmay_arrival_wavy_path, layout_loops_ring, nrook_campfire
D:2:      layout_loops_ring, basic_ecumenical_altar, minivault_27
D:3:      layout_rooms, hangedman_feature_mirror, uniq_natasha
D:4:      layout_cave_pools, uniq_ijyb, uniq_duvessa
D:5:      layout_rooms, nicolae_ru_the_path_less_chosen,
          mainiacjoe_overflow_tiny_flanked, minmay_temple_entry_statues_pillars,
          minmay_misc_feat_more_columns, uniq_crazy_yiuf_cottage, uniq_eustachio
D:6:      layout_loops_ring, uniq_grinder
D:7:      layout_loops_ring, mainiacjoe_overflow_catwalk_spiral
D:8:      cheibrodos_two_vegetables, layout_basic, special_room
          [special_room_kobold], uniq_joseph, uniq_maggie
Temple:   minmay_temple_bridge_d

Skill      XL: |  1  2  3  4  5  6  7  8  9 10 |
---------------+-------------------------------+-----
Axes           | 3 4 5 6 7 8 10 11 13 | 13.0
Fighting       | 4 5 6 7 8 9 |  9.2
Armour         | 3 4 6 7 |  7.9
Invocations    | 3 4 6 7 8 |  8.5
Dodging        | |  0.7

Action                   |  1- 3 |  4- 6 |  7- 9 | 10-12 || total
-------------------------+-------+-------+-------+-------++-------
Melee: Hand axe          |   107 |    18 |       |       ||   125
       War axe           |       |    89 |   226 |    82 ||   397
Evoke: Wand              |       |       |     4 |       ||     4
  Use: Scroll            |       |       |    17 |     1 ||    18
       Potion            |       |       |       |     3 ||     3
Armor: Leather armour    |    15 |     5 |       |       ||    20
       Ring mail         |       |     7 |       |       ||     7
       Scale mail        |       |    26 |    72 |    43 ||   141
Dodge: Dodged            |    73 |    72 |   231 |   165 ||   541

Table legend: (Time is in decaauts)
 A = Elapsed time spent in this place.
 B = Non-inter-level travel time spent in this place.
 C = Inter-level travel time spent in this place.
 D = Time resting spent in this place.
 E = Time spent auto-exploring this place.
 F = Levels seen in this place.
 G = Mean time per level.
                   A        B        C        D        E       F      G
               +--------+--------+--------+--------+--------+-----+--------+
         Total |   7630 |   7196 |    434 |    748 |   4875 |  10 |  763.0 |
       Dungeon |   7372 |   6946 |    426 |    748 |   4662 |   8 |  921.5 |
        Temple |    235 |    227 |      8 |      0 |    213 |   1 |  235.0 |
         Abyss |     23 |     23 |      0 |      0 |      0 |   1 |   23.0 |
               +--------+--------+--------+--------+--------+-----+--------+

Top non-repeatable levels by time:
     D:7: 1261 daAuts
     D:4: 1154 daAuts
     D:1: 1063 daAuts
     D:6: 1061 daAuts
     D:2: 1014 daAuts
     D:3: 953 daAuts
     D:5: 705 daAuts
  Temple: 235 daAuts
     D:8: 157 daAuts
 Abyss:1: 23 daAuts
